AoeStats
← Xilex

Lombardia

510035533Analyzed
2v2 RM · 2d ago on Sep 29, 2026· 40m 19s· 4 players
Game mode
Random Map
Map size
Medium (4 player)
Population
200
Speed
Normal
Resources
Standard
Victory
Conquest
Starting age
Dark Age
Ending age
Imperial Age
RankedLock teamsTeams togetherTeam positionsShared explorationLock speedFull tech treeHidden civsTurbo modeCheats
Victory
Defeat
🇧🇷 Mongols · Brazil
1570
+4
🇲🇽 Magyars · Mexico
1473
+5
🇺🇸 Magyars · United States
1248
-5
🇺🇸 Franks · United States
1204
-4
alanfer1023
4:12 Loom
11:35 Feudal Age
15:28 Castle Age
13:48 Double-Bit Axe
14:40 Gold Mining
15:32 Stone Mining
15:29 Horse Collar
19:02 Corvinian Army
22:38 Scale Barding Armor
22:39 Town Watch
23:35 Scale Mail Armor
24:39 Chain Barding Armor
25:07 Wheelbarrow
25:05 Husbandry
31:03 Imperial Age
30:57 Gold Shaft Mining
30:55 Bow Saw
31:03 Bloodlines
31:24 Heavy Plow
32:42 Conscription
33:31 Plate Barding Armor
35:27 Chemistry
36:14 Fletching
38:51 Hand Cart
Marvin Saturnino
5:52 Loom
8:51 Feudal Age
9:23 Double-Bit Axe
11:09 Fletching
11:29 Town Watch
21:56 Castle Age
22:08 Padded Archer Armor
21:59 Crossbowman
22:45 Bodkin Arrow
24:10 Ballistics
25:58 Wheelbarrow
28:03 Thumb Ring
29:46 Hand Cart
32:16 Leather Archer Armor
33:16 Horse Collar
33:51 Bow Saw
38:44 Imperial Age
39:10 Masonry
39:28 Bracer
38:51 Arbalester
41:08 Chemistry
Xilex
6:44 Loom
10:04 Feudal Age
16:34 Castle Age
15:49 Double-Bit Axe
20:38 Scale Barding Armor
24:28 Town Watch
32:06 Wheelbarrow
33:24 Bow Saw
36:36 Imperial Age
36:32 Hand Cart
36:39 Forging
36:50 Chain Barding Armor
37:57 Conscription
37:21 Cavalier
Boleslaw
7:01 Loom
9:22 Feudal Age
15:40 Double-Bit Axe
16:07 Bloodlines
17:43 Horse Collar
19:49 Scale Barding Armor
22:56 Castle Age
21:52 Gold Mining
23:50 Fletching
24:00 Padded Archer Armor
27:08 Bodkin Arrow
29:47 Thumb Ring
31:03 Ballistics
32:40 Wheelbarrow
31:52 Town Watch
35:29 Leather Archer Armor
35:58 Light Cavalry
36:38 Husbandry
39:53 Hand Cart
42:24 Imperial Age
Connection lost

Rejoining the realm…

Still unreachable

The connection could not be restored.

Session expired

The server has moved on; the page needs a fresh start.